General information
- name: BNet
- type: Ladder team game (AT/RT)
- host: Battle.net
- saver: Bromeister
map: CopperCanyon
- players: 6
- length: 18:52
- speed: Fast
- version: 1.26 W3XP
- replay type: Public
» download(121 KB)
Players
team 1 (winner)

»
BFD-Muadib (
green | 107 APM | 2005 actions | 18:49)
6 Priestess of the Moon
3 Trueshot Aura
2 Searing Arrows
1 Starfall
» actions
| Assign group hotkey | 36 | |
| Basic commands | 283 | |
| Build / train | 84 | |
| Enter build submenu | 15 | |
| Enter hero's abilities submenu | 6 | |
| Remove unit from queue | 1 | |
| Right click | 553 | |
| Select / deselect | 575 | |
| Select group hotkey | 424 | |
| Use ability | 28 | |
2005 total
» units
» upgrades
| Strength of the Moon | 3 | |
| Moon Armor | 3 | |
| Improved Bows | 1 | |
| Marksmanship | 1 | |
8 total
» buildings
| Altar of Elders | 1 | |
| Moon Well | 6 | |
| Ancient of War | 3 | |
| Hunter's Hall | 1 | |
| Ancient Protector | 1 | |
| Tree of Ages | 1 | |
| Tree of Life | 1 | |
| Tree of Eternity | 1 | |
15 total
» build order
00:07 Altar of Elders
00:10 Moon Well
01:14 Ancient of War
01:21 Moon Well
02:01 Hunter's Hall
04:31 Ancient Protector
05:25 Tree of Ages
05:58 Ancient of War
06:14 Moon Well
09:24 Moon Well
09:59 Ancient of War
10:53 Tree of Life
11:26 Tree of Eternity
16:35 Moon Well
17:39 Moon Well
SuPeRDoOPeR (
pink | 76 APM | 1433 actions | 18:49)
3 Keeper of the Grove
1 Entangling Roots
2 Thorns Aura
3 Firelord
1 Summon Lava Spawn
2 Soul Burn
1 Pandaren Brewmaster
1 Breath of Fire
» actions
| Assign group hotkey | 140 | |
| Build / train | 48 | |
| Enter build submenu | 14 | |
| Enter hero's abilities submenu | 7 | |
| Give item / drop item | 1 | |
| Right click | 838 | |
| Select / deselect | 251 | |
| Select group hotkey | 85 | |
| Use ability | 49 | |
1433 total
» units
» upgrades
| Strength of the Wild | 3 | |
| Reinforced Hides | 4 | |
| Abolish Magic | 1 | |
8 total
» buildings
| Altar of Elders | 1 | |
| Moon Well | 7 | |
| Hunter's Hall | 1 | |
| Ancient of War | 1 | |
| Tree of Ages | 1 | |
| Ancient of Wonders | 1 | |
| Ancient of Lore | 2 | |
| Tree of Eternity | 1 | |
15 total
» build order
00:06 Altar of Elders
00:17 Moon Well
01:24 Hunter's Hall
01:45 Ancient of War
02:09 Moon Well
02:12 Moon Well
02:22 Moon Well
03:17 Tree of Ages
04:14 Ancient of Wonders
04:23 Moon Well
05:54 Ancient of Lore
06:33 Ancient of Lore
07:36 Tree of Eternity
11:28 Moon Well
11:59 Moon Well
» items
Bromeister (
teal | 77 APM | 1460 actions | 18:52)
10 Blademaster
3 Wind Walk
3 Critical Strike
3 Bladestorm
1 Mirror Image
» actions
| Assign group hotkey | 29 | |
| Basic commands | 3 | |
| Build / train | 59 | |
| Enter build submenu | 14 | |
| Enter hero's abilities submenu | 11 | |
| Give item / drop item | 1 | |
| Remove unit from queue | 2 | |
| Right click | 768 | |
| Select / deselect | 145 | |
| Select group hotkey | 295 | |
| Use ability | 133 | |
1460 total
» units
| Peon | 9 | |
| Harpy Rogue | 1 | |
| Wind Rider | 8 | |
| Troll Batrider | 1 | |
19 total
» upgrades
| Ranged Weapons | 3 | |
| Armor | 2 | |
| Envenomed Spears | 1 | |
6 total
» buildings
| Altar of Storms | 1 | |
| Orc Burrow | 6 | |
| War Mill | 1 | |
| Voodoo Lounge | 1 | |
| Watch Tower | 2 | |
| Stronghold | 2 | |
| Beastiary | 2 | |
| Fortress | 2 | |
17 total
» build order
00:04 Altar of Storms
00:06 Orc Burrow
01:06 War Mill
01:12 Voodoo Lounge
01:49 Orc Burrow
02:49 Watch Tower
02:55 Watch Tower
03:35 Stronghold
03:35 Stronghold
03:41 Orc Burrow
06:18 Beastiary
06:20 Beastiary
08:08 Fortress
09:31 Orc Burrow
12:28 Orc Burrow
16:58 Orc Burrow
» items
| Healing Salve | 2 | |
| Lesser Clarity Potion | 3 | |
| Scroll of Speed | 1 | |
| Boots of Speed | 1 | |
| Periapt of Vitality | 1 | |
| Circlet of Nobility | 1 | |
| Dust of Appearance | 1 | |
| Potion of Healing | 2 | |
| Orb of Lightning | 1 | |
13 total
team 2 (loser)

»
JUST_WANNA_FUN (
blue | 76 APM | 1158 actions | 15:11)
3 Blademaster
1 Wind Walk
2 Mirror Image
1 Tauren Chieftain
1 War Stomp
» actions
| Assign group hotkey | 45 | |
| Basic commands | 63 | |
| Build / train | 76 | |
| Enter build submenu | 17 | |
| Enter hero's abilities submenu | 4 | |
| Remove unit from queue | 4 | |
| Right click | 336 | |
| Select / deselect | 171 | |
| Select group hotkey | 365 | |
| Use ability | 77 | |
1158 total
» units
» upgrades
» buildings
| Altar of Storms | 1 | |
| Orc Burrow | 8 | |
| Stronghold | 2 | |
| War Mill | 1 | |
| Voodoo Lounge | 1 | |
| Watch Tower | 1 | |
| Beastiary | 2 | |
| Fortress | 1 | |
17 total
» build order
00:43 Altar of Storms
00:46 Orc Burrow
02:57 Stronghold
02:57 Stronghold
03:01 War Mill
03:02 Orc Burrow
03:04 Voodoo Lounge
04:09 Orc Burrow
04:16 Watch Tower
05:28 Beastiary
05:30 Beastiary
05:31 Fortress
07:01 Orc Burrow
10:57 Orc Burrow
12:35 Orc Burrow
13:24 Orc Burrow
13:26 Orc Burrow
» items
| Lesser Clarity Potion | 3 | |
| Healing Salve | 6 | |
| Scroll of Town Portal | 3 | |
| Scroll of Speed | 3 | |
| Tiny Great Hall | 4 | |
| Potion of Mana | 1 | |
| Potion of Healing | 2 | |
| Orb of Lightning | 1 | |
23 total
Tezcatlipoca (
purple | 89 APM | 1388 actions | 15:37)
5 Tauren Chieftain
2 Shockwave
3 Endurance Aura
» actions
| Assign group hotkey | 40 | |
| Basic commands | 26 | |
| Build / train | 58 | |
| Enter build submenu | 19 | |
| Enter hero's abilities submenu | 5 | |
| Remove unit from queue | 9 | |
| Right click | 638 | |
| Select / deselect | 186 | |
| Select group hotkey | 382 | |
| Use ability | 25 | |
1388 total
» units
| Peon | 6 | |
| Troll Headhunter/Berserker | 27 | |
| Kodo Beast | 1 | |
34 total
» upgrades
| Ranged Weapons | 2 | |
| Troll Regeneration | 1 | |
| War Drums Damage Increase | 1 | |
4 total
» buildings
| War Mill | 1 | |
| Orc Burrow | 6 | |
| Altar of Storms | 1 | |
| Barracks | 2 | |
| Watch Tower | 2 | |
| Voodoo Lounge | 1 | |
| Stronghold | 1 | |
| Beastiary | 1 | |
| Fortress | 1 | |
16 total
» build order
00:23 War Mill
00:37 Orc Burrow
00:55 Altar of Storms
01:07 Barracks
02:13 Watch Tower
02:18 Orc Burrow
03:10 Orc Burrow
03:30 Voodoo Lounge
06:23 Stronghold
07:58 Orc Burrow
08:08 Barracks
08:21 Watch Tower
08:47 Beastiary
10:51 Fortress
10:56 Orc Burrow
13:02 Orc Burrow
» items
| Scroll of Speed | 1 | |
| Potion of Mana | 1 | |
2 total
SQuinty (
orange | 41 APM | 776 actions | 18:49)
3 Blademaster
2 Critical Strike
1 Wind Walk
» actions
| Basic commands | 3 | |
| Build / train | 48 | |
| ESC pressed | 2 | |
| Enter build submenu | 13 | |
| Enter hero's abilities submenu | 3 | |
| Right click | 421 | |
| Select / deselect | 252 | |
| Use ability | 33 | |
776 total
» units
| Peon | 18 | |
| Grunt | 8 | |
| Troll Headhunter/Berserker | 6 | |
32 total
» upgrades
| Melee Weapons | 2 | |
| Armor | 2 | |
| Ranged Weapons | 2 | |
6 total
» buildings
| Altar of Storms | 1 | |
| Orc Burrow | 7 | |
| Barracks | 2 | |
| Voodoo Lounge | 1 | |
| War Mill | 1 | |
| Stronghold | 1 | |
| Great Hall | 1 | |
14 total
» build order
00:05 Altar of Storms
00:10 Orc Burrow
00:38 Barracks
00:43 Barracks
01:42 Orc Burrow
04:20 Voodoo Lounge
04:53 War Mill
05:27 Orc Burrow
08:20 Stronghold
10:21 Orc Burrow
11:08 Orc Burrow
11:10 Orc Burrow
11:14 Orc Burrow
18:42 Great Hall
» items
Chat log
(00:07 / Allies) SuPeRDoOPeR: hihi
(00:09 / All) Bromeister: LOL
(00:11 / All) Bromeister: SQUINTY WTF
(00:13 / All) Bromeister: U NIGGAR
(00:17 / Allies) Bromeister: guys
(00:19 / All) SQuinty: haha
(00:20 / Allies) Bromeister: im fast tech wyvs
(00:28 / Allies) Bromeister: NE can u guys mass hunts
(00:32 / Allies) SuPeRDoOPeR: yes
(00:33 / Allies) Bromeister: and harass rape them
(00:36 / Allies) BFD-Muadib: i'll arch
(00:36 / Allies) Bromeister: i know one of them
(00:37 / Allies) Bromeister: he sucks
(00:40 / All) Tezcatlipoca: nigabama
(00:43 / Allies) Bromeister: find sqinty oj
(00:44 / Allies) Bromeister: he sucks
(00:51 / Allies) Bromeister: harass the shit out of him
(00:54 / Allies) SuPeRDoOPeR: ill poktm
(00:54 / All) Bromeister: niggar
(00:55 / Allies) SuPeRDoOPeR: potm
(00:56 / Allies) SuPeRDoOPeR: ok
(00:59 / Allies) BFD-Muadib: i got potm
(01:03 / Allies) BFD-Muadib: arch
(01:03 / Allies) SuPeRDoOPeR: ok ill kotg
(01:06 / Allies) BFD-Muadib: k
(01:24 / All) Bromeister: NIGGAR
(01:34 / All) Bromeister: CIGAR
(01:53 / Allies) SuPeRDoOPeR: ima harras
(01:56 / Allies) SuPeRDoOPeR: come
(02:24 / Allies) Bromeister: harass
(02:26 / Allies) Bromeister: like no other
(02:31 / Allies) Bromeister: wood
(02:32 / Allies) Bromeister: fast
(02:32 / Allies) Bromeister: wtf
(02:33 / Allies) Bromeister: now
(02:53 / Allies) SuPeRDoOPeR: i got bm on me
(03:03 / Allies) Bromeister: cool story bro
(03:23 / Allies) SuPeRDoOPeR: coming to you teal
(03:25 / Allies) Bromeister: lmao
(03:31 / Allies) SuPeRDoOPeR: nvm
(03:47 / All) Bromeister: i like tuytles
(04:28 / Allies) Bromeister: wtf harass him
(04:31 / Allies) Bromeister: niggar
(04:42 / Allies) Bromeister: lol mass hh
(04:44 / Allies) Bromeister: lmao
(04:50 / Allies) Bromeister: sorry
(05:06 / Allies) Bromeister: wtf
(05:07 / Allies) Bromeister: why u die
(05:12 / Allies) BFD-Muadib: stomped me
(05:30 / Allies) Bromeister: hh
(05:30 / Allies) Bromeister: hh
(05:48 / All) Bromeister: niggar
(05:54 / All) Bromeister: im pro at dota
(05:55 / All) Bromeister: dont even
(06:21 / Allies) SuPeRDoOPeR: im back
(06:48 / All) Bromeister: lol
(07:23 / All) Bromeister: mother jew
(07:30 / All) Bromeister: mother jew
(07:41 / All) Bromeister: LOLOL
(07:45 / All) Bromeister: lmao
(07:48 / All) Bromeister: sexall
(07:50 / All) Bromeister: harpoy gpogg
(07:51 / Allies) SuPeRDoOPeR: back
(07:52 / All) Bromeister: harpy gogo
(07:55 / All) Bromeister: go ahrpy
(07:56 / Allies) SuPeRDoOPeR: bb green
(08:05 / Allies) Bromeister: lmfao
(08:11 / All) Bromeister: LOLOL
(08:47 / All) Bromeister: mother jewgro
(08:52 / Allies) Bromeister: gold plz
(08:59 / Allies) Bromeister: wtf pink u jew?
(09:01 / Allies) Bromeister: gold
(09:44 / All) Bromeister: mother sexgro
(10:28 / All) Bromeister: mother
(10:43 / All) Bromeister: wtf
(11:27 / Allies) BFD-Muadib: meet?
(11:32 / Allies) SuPeRDoOPeR: ok
(12:05 / Allies) Bromeister: wait
(12:13 / Allies) Bromeister: coming
(12:15 / Allies) Bromeister: come to me
(12:19 / Allies) Bromeister: i'll salve ur dryad
(12:41 / Allies) Bromeister: hit
(12:44 / Allies) Bromeister: hit that jub
(12:48 / Allies) Bromeister: kill his burrows
(12:49 / Allies) Bromeister: lol
(13:22 / Allies) BFD-Muadib: altar
(13:33 / All) Bromeister: dude wheres ur team
(13:38 / All) Bromeister: ur tema sucks bro
(13:41 / All) Bromeister: squinty is pro
(13:42 / All) Bromeister: fuck u guys
(14:21 / All) Bromeister: ur ded
(15:19 / All) Bromeister: gg
(15:28 / All) SQuinty: hm?
(15:32 / All) SQuinty: with?
(15:40 / All) Bromeister: im pro
(15:43 / All) SQuinty: lolololol
(15:44 / All) Bromeister: i todlu
(16:06 / All) Bromeister: save replay bro
(16:09 / All) Bromeister: and watch this
(16:12 / All) Bromeister: ik
(16:13 / All) Bromeister: k?
(16:14 / All) SQuinty: ok
(16:16 / All) Bromeister: im pro
(16:18 / All) Bromeister: :)
(16:21 / All) SuPeRDoOPeR: yea save and see how pro i am
(16:27 / All) SQuinty: no worries
(16:30 / All) Bromeister: lol
(16:34 / All) Bromeister: i cant die with bm
(16:35 / All) Bromeister: lol
(16:41 / All) Bromeister: just dont even target it
(16:44 / All) Bromeister: i played too much dota
(16:47 / Allies) Bromeister: LOL
(16:48 / All) Bromeister: LOL
(16:56 / All) SQuinty: jesus
(17:01 / All) SQuinty: night elves
(17:07 / All) SQuinty: just mass archers
(17:11 / All) Bromeister: bro
(17:15 / All) Bromeister: stick to a race
(17:17 / All) Bromeister: oh ur orc rite
(17:18 / All) SQuinty: i am
(17:22 / All) SQuinty: just lol
(17:22 / All) Bromeister: k dude
(17:23 / All) Bromeister: this strat
(17:24 / Allies) Bromeister: is best
(17:27 / All) Bromeister: is best
(17:33 / All) Bromeister: bm mass fast wyvs
(17:36 / All) Bromeister: k?
(17:38 / All) Bromeister: save replay
(17:39 / All) SQuinty: k
(17:41 / All) Bromeister: u gotta be very good
(17:42 / All) SQuinty: I will
(17:43 / All) Bromeister: at BM micro tho
(17:48 / All) Bromeister: like reallllly good
(17:52 / All) Bromeister: see how i have boots?
(17:53 / All) Bromeister: its a MUST
(18:03 / All) Bromeister: jk
(18:04 / All) Bromeister: dude pink jk
(18:05 / All) Bromeister: shit
(18:09 / All) Bromeister: lol was gona heal u
(18:12 / All) Bromeister: <3
(18:16 / All) Bromeister: dude guys come to channel NRO
(18:20 / All) Bromeister: if you thougth i was PRO
(18:21 / All) Bromeister: plz
(18:24 / All) Bromeister: channel NRO
(18:25 / Allies) SuPeRDoOPeR: lol
(18:27 / Allies) SuPeRDoOPeR: ur not pro
(18:28 / All) Bromeister: im creating a clan
(18:30 / All) Bromeister: come to it
(18:35 / All) Bromeister: rank 1 from last year, my friend is joining
(18:41 / All) SuPeRDoOPeR: sonny owns u
(18:42 / All) Bromeister: hes afk at channel rite now.. vic)assassin